 Dungeon Crawl Stone Soup version 0.28.0 (webtiles) character file.

Game seed: 10859844098191193830

324 AmazingTV the Covert (level 6, -3/30 HPs)
             Began as a Spriggan Brigand on June 28, 2022.
             Slain by an orc warrior (24 damage)
             ... on level 5 of the Dungeon.
             The game lasted 00:12:20 (4372 turns).

AmazingTV the Covert (Spriggan Brigand)             Turns: 4372, Time: 00:12:22

Health: -3/30      AC:  3    Str:  9    XL:     6   Next: 23%
Magic:  7/7        EV: 16    Int: 12    God:
Gold:   105        SH:  0    Dex: 19    Spells: 5/5 levels left

rFire   . . .      SeeInvis +   b - +2 demon blade (venom)
rCold   . . .      Faith    .   (no shield)
rNeg    . . .      Spirit   .   r - +0 robe
rPois   +          Reflect  .   (helmet restricted)
rElec   .          Harm     .   c - +0 cloak
rCorr   .          Rampage  .   (gloves unavailable)
Will    +....                   (boots unavailable)
Stlth   ++++......              w - amulet of magic regeneration
HPRegen 0.10/turn               u - ring of poison resistance
MPRegen 0.50/turn               (no ring)

@: very quick
A: very small, no large weapons, unfitting armour, see invisible, speed 3,
hooves 1, strong 1
a: no special abilities


You were on level 5 of the Dungeon.
You visited 1 branch of the dungeon, and saw 5 of its levels.

You collected 105 gold pieces.

Inventory:

Hand Weapons
 a - a +2 dagger of draining
 b - a +2 demon blade of venom (weapon)
 n - a +2 dagger
 s - a +0 hunting sling
Missiles
 d - 7 poisoned darts (quivered)
 e - 2 curare-tipped darts
 i - 47 bolts
 k - 64 stones
 m - 62 sling bullets
Armour
 c - a +0 cloak (worn)
 r - a +0 robe (worn)
Jewellery
 o - a ring of fire
 u - a ring of poison resistance (left hand)
 w - an amulet of magic regeneration (around neck)
Wands
 t - a wand of polymorph (10)
Scrolls
 f - a scroll of immolation {unknown}
 g - 4 scrolls of identify
 j - 2 scrolls of fog {unknown}
 l - a scroll of magic mapping {unknown}
 q - a scroll of acquirement {unknown}
 x - a scroll of teleportation {unknown}
Potions
 h - a potion of berserk rage {unknown}
 p - a potion of curing {unknown}
 v - a potion of heal wounds {unknown}
 z - a potion of lignification {unknown}
 A - a potion of haste {unknown}


   Skills:
 - Level 1.5 Fighting
 + Level 4.5 Short Blades
 + Level 0.1(2.0) Long Blades
 + Level 4.1(4.4) Slings
 - Level 2.0(3.0) Throwing
 - Level 1.3 Dodging
 + Level 8.2 Stealth


You had 5 spell levels left.
You didn't know any spells.
Your spell library contained the following spells:

 Spells                   Type           Power      Damage    Failure   Level
 Animate Skeleton         Necr           0%         N/A       32%         1
 Apportation              Tloc           0%         N/A       32%         1
 Summon Small Mammal      Summ           0%         N/A       32%         1


Dungeon Overview and Level Annotations

Branches:
Dungeon (5/15)
 Temple: D:4-7

Altars:
Yredelemnul

Shops:
D:3 *


Innate Abilities, Weirdness & Mutations

You are very small and have problems with some larger weapons.
You are too small for most types of armour.
You have supernaturally acute eyesight. (SInv)
You cover ground extremely quickly. (Speed+++)
You have large cloven feet.
Your muscles are strong. (Str +2)


Message History

The centaur zombie barely misses you.
The orc wizard shouts!
You climb upwards.
There is a stone staircase leading down here.
Things that are here:
a +0 dagger; a kobold skeleton
There is an escape hatch in the floor here.
You slide downwards.
The hatch slams shut behind you.
The orc shouts! x2
Found 11 gold pieces.
An orc warrior comes into view. It is wielding a +0 scimitar.
You barely miss the orc.
The orc warrior shouts!
You kick the orc.
The orc is moderately wounded.
The orc closely misses you. x2
You hit the orc.
The orc is poisoned.
Your kick misses the orc.
The orc is heavily wounded.
The orc closely misses you.
You hit the orc warrior but do no damage.
The orc warrior is poisoned.
Your kick misses the orc warrior.
You kill the orc!
A jelly comes into view.
The orc completely misses you.
The orc warrior hits you with a +0 scimitar!
The orc hits you but does no damage.
Found 15 gold pieces.
You throw a poisoned dart. The poisoned dart hits the orc warrior.
The orc warrior looks even sicker.
The orc warrior is lightly wounded.
You throw a poisoned dart. The poisoned dart hits the orc warrior.
The orc warrior looks as sick as possible!
The orc warrior is lightly wounded.
You hit the orc warrior but do no damage.
The orc warrior looks as sick as possible!
Your kick misses the orc warrior.
The orc warrior is heavily wounded.
The orc warrior hits you with a +0 scimitar!!
Ouch! That really hurt!
You die...

#....##..##
#.......Y.#.........
#...)##..oo..../.>..
##.J.##...#o...oYoo.
#..(Y.....#....$.oo.
#....######...$...o.
##...##..##....oo...
#.oo##......Zo.....
#.@.##......<......
+...#..............
#...##..##.........
#...## #####..##.
#.$.# #..##..# ###+#
....#... #...# ..#
######...# .(#
#....gg).#


You could see an orc warrior (extremely poisoned), a sky beast, a jelly and an
orc.

Vanquished Creatures
  A howler monkey (D:4)
  A crimson imp (D:4)
  A centaur skeleton (D:4)
  Ijyb (D:3)
  5 adders
  7 gnolls
  A white imp (D:4)
  An adder skeleton (D:4)
  3 dart slugs (D:2)
  An orc (D:5)
  5 bats
  6 endoplasms
  2 giant cockroaches
  9 goblins
  5 hobgoblins
  6 quokkas
  6 ball pythons
  A frilled lizard (D:3)
  12 kobolds
  A rat (D:3)
75 creatures vanquished.

Notes
Turn   | Place    | Note
-------+----------+-------------------------------------------
     0 | D:1      | AmazingTV the Spriggan Brigand began the quest for the Orb.
     0 | D:1      | Reached XP level 1. HP: 10/10 MP: 2/2
    41 | D:1      | Reached skill level 1 in Slings
    41 | D:1      | Reached skill level 6 in Stealth
    41 | D:1      | Reached XP level 2. HP: 9/14 MP: 3/3
   759 | D:1      | Reached XP level 3. HP: 16/18 MP: 4/4
  1118 | D:2      | Found a basalt altar of Yredelemnul.
  1157 | D:2      | Found a faded altar of an unknown god.
  1502 | D:2      | Reached XP level 4. HP: 22/22 MP: 5/5
  1543 | D:2      | Reached skill level 7 in Stealth
  2578 | D:3      | Noticed Ijyb
  2585 | D:3      | Killed Ijyb
  2586 | D:3      | Reached XP level 5. HP: 14/25 MP: 6/6
  2843 | D:3      | Found Acysav's Assorted Antiques.
  2849 | D:3      | Gained mutation: You are robust. (+10% HP) [potion of
                  | mutation]
  2849 | D:3      | Gained mutation: You have large cloven feet. [potion of
                  | mutation]
  2849 | D:3      | Lost mutation: You are robust. (+10% HP) [potion of
                  | mutation]
  2849 | D:3      | Gained mutation: Your muscles are strong. (Str +2) [potion
                  | of mutation]
  3581 | D:4      | Reached skill level 8 in Stealth
  3623 | D:4      | Reached XP level 6. HP: 30/30 MP: 7/7
  4186 | D:5      | Entered Level 5 of the Dungeon
  4346 | D:5      | Noticed a sky beast
  4357 | D:5      | Noticed an orc warrior
  4372 | D:5      | Slain by an orc warrior

Illustrated notes

Levels and vault maps discovered:
D:1:      lemuel_arrival_rhombus, layout_basic
D:2:      layout_basic, shapermc_ecumenical_altar_venn, basic_altar,
          hangedman_decor_clover_reticule
D:3:      layout_loops_corners, serial_shops, nicolae_shop_hallway_plus,
          hangedman_decor_opposing, serial_bayou_pond_d, hex_large, uniq_ijyb
D:4:      layout_basic, minmay_fire_ice_demons
D:5:      layout_gridville, general_overflow_altar,
          nicolae_overflow_hidden_temple, nrook_campfire

Skill      XL: |  1  2  3  4  5  6 |
---------------+-------------------+-----
Slings         | 1 2 3 4 |  4.1
Stealth        | 6 7 8 |  8.2
Short Blades   | 3 4 |  4.5
Fighting       | |  1.5
Long Blades    | |  0.1
Throwing       | |  2.0
Dodging        | |  1.3

Action                   |  1- 3 |  4- 6 || total
-------------------------+-------+-------++-------
Melee: Dagger            |    92 |    55 ||   147
       Demon blade       |       |    53 ||    53
       Kick              |       |    22 ||    22
       Punch             |       |     1 ||     1
Throw: Dart              |     6 |     9 ||    15
  Use: Scroll            |       |     1 ||     1
       Potion            |       |     1 ||     1
 Stab: Sleeping          |    16 |     7 ||    23
       Distracted        |     1 |     1 ||     2
Armor: Robe              |    11 |    13 ||    24
Dodge: Dodged            |    53 |    67 ||   120
